 Dungeon Crawl Stone Soup version 0.20.0-15-g7f486f2 (webtiles) character file.

333 maniacrov the Shield-Bearer (level 6, -2/38 HPs)
             Began as a Gargoyle Fighter on June 12, 2017.
             Slain by an ogre
             ... wielding a +0 giant club
              (21 damage)
             ... on level 4 of the Dungeon.
             The game lasted 00:10:26 (3334 turns).

maniacrov the Shield-Bearer (Gargoyle Fighter)      Turns: 3334, Time: 00:10:27

Health: -2/38      AC: 18    Str: 22    XL:     6   Next: 52%
Magic:  6/6        EV:  4    Int:  8    God:
Gold:   166        SH: 10    Dex:  9    Spells: 5/5 levels left

rFire    . . .     SeeInvis .   a - +1 flail
rCold    . . .     Gourm    .   c - +0 shield
rNeg     + . .     Faith    .   l - +0 plate armour
rPois    ∞         Spirit   .   g - +1 helmet
rElec    +         Reflect  .   (no cloak)
rCorr    .         Harm     .   (no gloves)
MR       .....                  (no boots)
Stlth    ..........             (no amulet)
Regen    0.2/turn               (no ring)
MPRegen  0.1/turn               (no ring)

@: no status effects
A: negative energy resistance 1, electricity resistance, unbreathing,
petrification resistance, rot immunity, AC +4
a: no special abilities


You were on level 4 of the Dungeon.
You were not hungry.

You visited 1 branch of the dungeon, and saw 4 of its levels.

You collected 166 gold pieces.

Inventory:

Hand Weapons
 a - a +1 flail (weapon)
Armour
 c - a +0 shield (worn)
 g - a +1 helmet (worn)
 l - a +0 plate armour (worn)
Scrolls
 b - 2 scrolls of remove curse
 m - a scroll of teleportation
Potions
 d - 4 potions of might
 e - 3 potions of cancellation
 f - a potion of mutation {unknown}


   Skills:
 + Level 4.2 Fighting
 + Level 3.9 Maces & Flails
 + Level 4.5 Armour
 + Level 0.7 Dodging
 + Level 0.5 Stealth
 + Level 5.0 Shields


You had 5 spell levels left.
You didn't know any spells.

Dungeon Overview and Level Annotations

Branches:
Dungeon (4/15)
 Temple: D:4-7

Altars:
Xom
The Shining One


Innate Abilities, Weirdness & Mutations

You are resistant to torment.
Your stone body is resilient. (AC +4)
You are immune to poison.
You resist negative energy. (rN+)
You are resistant to electric shocks. (rElec)
You can survive without breathing.
You are immune to petrification.
You are immune to rotting.


Message History

Your shield and plate armour prevent you from hitting the ogre.
The ogre is severely wounded.
The ogre hits you with a giant club!
You hit the ogre.
The ogre is almost dead.
The ogre barely misses you.
You closely miss the ogre.
The ogre is almost dead.
The ogre hits you but does no damage.
You hit the ogre but do no damage.
The ogre is almost dead.
You block the ogre's attack.
Your plate armour prevents you from hitting the ogre.
The ogre is almost dead.
You block the ogre's attack.
Your plate armour prevents you from hitting the ogre.
The ogre is severely wounded.
The ogre hits you with a giant club!!
Ouch! That really hurt!
You die...

#....# ..
#....###.#
#.....#..
#.....#.#
#.......#
#......##
#.......###
####......####
###..###...@O.#
###..###
#####.....#
###..### ###....
##.....##### ##.
...........###
.............####
................#
#...............#
#...............#


You could see an ogre.

Vanquished Creatures
  A phantom (D:4)
  A bullfrog (D:4)
  A gnoll (D:1)
  9 adders
  An ooze (D:3)
  3 dart slugs
  A worm (D:2)
  3 leopard geckos
  An orc (D:4)
  A ball python (D:2)
  7 bats
  5 giant cockroaches
  5 goblins
  9 hobgoblins
  13 jackals
  7 kobolds
  2 quokkas
  5 frilled lizards
  3 rats
78 creatures vanquished.

Notes
Turn   | Place    | Note
-------+----------+-------------------------------------------
     0 | D:1      | maniacrov the Gargoyle Fighter began the quest for the Orb.
     0 | D:1      | Reached XP level 1. HP: 14/14 MP: 1/1
   155 | D:1      | Reached XP level 2. HP: 16/19 MP: 2/2
   157 | D:1      | Found a shimmering altar of Xom.
   680 | D:1      | Reached XP level 3. HP: 11/23 MP: 3/3
  1303 | D:2      | Reached XP level 4. HP: 29/29 MP: 4/4
  2162 | D:2      | Reached skill level 4 in Shields
  2291 | D:2      | Reached XP level 5. HP: 33/33 MP: 5/5
  2937 | D:3      | Found a glowing golden altar of the Shining One.
  3197 | D:4      | Noticed a phantom
  3228 | D:4      | Killed a phantom
  3228 | D:4      | Reached XP level 6. HP: 38/38 MP: 6/6
  3259 | D:4      | Reached skill level 5 in Shields
  3334 | D:4      | Slain by an ogre

Skill      XL: |  1  2  3  4  5  6 |
---------------+-------------------+-----
Armour         | 4 |  4.5
Maces & Flails | 3 |  3.9
Shields        | 4 5 |  5.0
Fighting       | 4 |  4.2
Dodging        | |  0.7
Stealth        | |  0.5

Action                   |  1- 3 |  4- 6 || total
-------------------------+-------+-------++-------
Melee: Flail             |   141 |   298 ||   439
  Use: Scroll            |       |     5 ||     5
       Potion            |       |     5 ||     5
  Eat: Meat ration       |     1 |       ||     1
       Bread ration      |       |     1 ||     1
Armor: Scale mail        |    67 |   122 ||   189
       Plate armour      |       |   124 ||   124
Dodge: Dodged            |    40 |   113 ||   153
Block: Shield            |    81 |   199 ||   280
